 Seeded DCSS version 0.29-a0-11-ga75d3d97ab (webtiles) character file.

Game seed: 3698939498586987721 (custom seed)

22 croobank the Insei (level 2, -1/18 HPs)
             Began as an Octopode Transmuter on Jan 29, 2022.
             Slain by an adder (2 damage)
             ... on level 2 of the Dungeon.
             The game lasted 00:02:46 (1426 turns).

croobank the Insei (Octopode Transmuter)            Turns: 1426, Time: 00:02:47

Health: -1/18      AC:  1    Str:  9    XL:     2   Next: 91%
Magic:  5/5        EV: 13    Int: 15    God:
Gold:   34         SH:  0    Dex: 18    Spells: 2/5 levels left

rFire   . . .      SeeInvis .   a - +0 dagger
rCold   . . .      Faith    .   (no shield)
rNeg    . . .      Spirit   .   (helmet restricted)
rPois   .          Reflect  .   (no amulet)
rElec   .          Harm     .   c - +6 ring of dexterity
rCorr   .          Rampage  .   (no ring)
Will    .....                   (no ring)
Stlth   +++.......              (no ring)
HPRegen 0.06/turn               (no ring)
MPRegen 0.09/turn               (no ring)
                                (no ring)
                                (no ring)

@: lethally poisoned (-1 -> -7)
A: almost no armour, amphibious, 8 rings, camouflage 1, gelatinous body 1,
(nimble swimmer 1), tentacles
a: no special abilities


You were on level 2 of the Dungeon.
You visited 1 branch of the dungeon, and saw 2 of its levels.

You collected 34 gold pieces.

Inventory:

Hand Weapons
 a - a +0 dagger (weapon)
 b - a +0 hunting sling
 f - a +0 short sword
Missiles
 e - 45 stones
Jewellery
 c - a +6 ring of dexterity (left tentacle)
Scrolls
 d - a scroll of magic mapping {unknown}
Potions
 g - a potion of brilliance {unknown}


   Skills:
 + Level 1.4 Fighting
 + Level 2.2 Dodging
 + Level 3.2 Unarmed Combat
 + Level 2.2 Spellcasting
 + Level 2.2 Transmutations


You had 2 spell levels left.
You knew the following spells:

 Your Spells              Type           Power      Damage    Failure   Level
a - Beastly Appendage     Tmut           16%        N/A       9%          1
b - Wereblood             Tmut           8%         N/A       13%         2

Your spell library contained the following spells:

 Spells                   Type           Power      Damage    Failure   Level
 Spider Form              Tmut/Pois      5%         N/A       38%         3
 Ice Form                 Ice/Tmut       5%         N/A       80%         4


Dungeon Overview and Level Annotations

Branches:
Dungeon (2/15)

Altars:

Shops:
D:2 (


Innate Abilities, Weirdness & Mutations

You cannot wear most types of armour.
You are amphibious.
You can wear up to eight rings at the same time.
Your skin changes colour to match your surroundings (Stealth+).
Your rubbery body absorbs attacks. (AC +1, EV +1)
((You are camouflaged when in or above water. (Stealth+)))
You have tentacles for arms and can constrict up to eight enemies at once.


Message History

Confirm with . or Enter, or press ? or * to list all spells.
One of your tentacles grows a vicious spike.
Your transformation is almost over.
A bat comes into view.
You see here 12 gold pieces.
The bat hits you. The bat hits you. The bat hits you but does no damage.
You see here 9 gold pieces.
The bat closely misses you. The bat hits you but does no damage.
You hit the bat but do no damage. Your grab misses the bat.
The bat barely misses you.
You hit the bat but do no damage. Your grab misses the bat.
Your squeeze misses the bat. The bat hits you but does no damage.
You hit the bat. You grab the bat.
The bat is moderately wounded.
Your tentacle spike disappears.
You constrict the bat. The bat hits you. The bat hits you but does no damage.
You release your grip on the bat.
The bat hits you.
The adder hisses angrily.
You see here 9 gold pieces.
You closely miss the bat. You grab the bat.
The bat is heavily wounded.
You constrict the bat. The bat barely misses you.
The bat struggles to escape constriction.
The adder bites you.
The bat escapes!
The adder barely misses you. The bat misses you. The bat hits you.
You hit the adder. You grab the adder.
The adder is lightly wounded.
You constrict the adder. The bat barely misses you. The adder bites you. x2
* * * LOW HITPOINT WARNING * * *
You are lethally poisoned!
The adder poisons you!
You hit the adder.
The adder is moderately wounded.
You constrict the adder.
* * * LOW HITPOINT WARNING * * *
You feel sick.
The bat misses you. x2; The adder bites you.
You die...

....# ..### ### #..#
### #.. .... # #.#
#..# #.# #..#
############.# #..#
⌠..........#.# #..# #
.######......###..##.#
⌠######.##.....$@S$..#
........###..####b.###
.............# #..#
#####.....#.#####..#
#####.###..........#
......# #.#.######<#
#####.###.#.# #..
#.....#.# #.#
#######.#


You could see an adder and a bat.

Vanquished Creatures
  3 ball pythons (D:1)
  A bat (D:1)
  2 endoplasms (D:1)
  4 hobgoblins
  4 jackals (D:1)
  A frilled lizard (D:2)
  2 kobolds (D:1)
  2 rats
19 creatures vanquished.

Notes
Turn   | Place    | Note
-------+----------+-------------------------------------------
     0 | D:1      | croobank the Octopode Transmuter began the quest for the
                  | Orb.
     0 | D:1      | Reached XP level 1. HP: 13/13 MP: 3/3
   654 | D:1      | Reached XP level 2. HP: 16/18 MP: 3/5
   657 | D:1      | Learned a level 2 spell: Wereblood
  1354 | D:2      | Found Afealo's Antique Weapon Shoppe.
  1362 | D:2      | Identified a scroll of acquirement
  1362 | D:2      | Acquired a +6 ring of dexterity
  1426 | D:2      | Slain by an adder

Illustrated notes

Levels and vault maps discovered:
D:1:      roderic_octagonal_star, layout_loops_corners, serial_rivers,
          chequers_serial_rivers_room_b, chequers_serial_rivers_micro_e,
          chequers_serial_rivers_micro_c, chequers_serial_rivers_micro_a,
          chequers_serial_rivers_micro_e
D:2:      layout_loops_ring, serial_shops, shop_fountains

Action                   || total
-------------------------++-------
Melee: Dagger            ||    36
       Kick              ||     7
       Constrict         ||    12
       Unarmed           ||     2
       Tentacles         ||     7
       Punch             ||     2
 Cast: Beastly Appendage ||    14
       Wereblood         ||     1
  Use: Scroll            ||     1
 Stab: Sleeping          ||     3
Armor: Skin              ||     6
Dodge: Dodged            ||    30

Table legend: (Time is in decaauts)
 A = Elapsed time spent in this place.
 B = Non-inter-level travel time spent in this place.
 C = Inter-level travel time spent in this place.
 D = Time resting spent in this place.
 E = Time spent auto-exploring this place.
 F = Levels seen in this place.
 G = Mean time per level.
                   A        B        C        D        E       F      G
               +--------+--------+--------+--------+--------+-----+--------+
         Total |   1424 |   1409 |     15 |      0 |   1205 |   2 |  712.0 |
       Dungeon |   1424 |   1409 |     15 |      0 |   1205 |   2 |  712.0 |
               +--------+--------+--------+--------+--------+-----+--------+

Top non-repeatable levels by time:
     D:1: 1192 daAuts
     D:2: 232 daAuts
